Map: Ever Dream LE

Players

RiSky

  • Race: Zerg Zerg
  • Spawn Location: 7:00

Seither - Winner!

  • Race: Terran Terran
  • Spawn Location: 1:00

Event: DreamHack SC2 Masters 2020 Summer Oceania RoA

VOD

Have the link to the VOD?

Description

Time

  • Played on: June 26, 2020, 4:32 a.m.
  • Length: 13:58

All games in this series

Show
View Real Time Build Order
Export as new Build Order

RiSky Zerg 

Build Orders: Hatch First 

Get SALT Encoding   

  12  0:00  Drone  
  13  0:12  Overlord  
  13  0:16  Drone  
  14  0:31  Drone x2  
  16  0:47  Hatchery  
  15  0:51  Drone  
  15  0:54  Drone  
  17  0:57  Drone  
  18  1:08  Extractor  
  17  1:12  Spawning Pool  
  17  1:16  Drone  
  17  1:19  Drone  
  18  2:09  Zergling x8  
  18  2:10  Queen x2  
  26  2:19  Zergling x2  
  26  2:27  Overlord  
  26  2:44  Drone x2  
  26  2:49  Drone x2  
  30  2:53  Zergling x2  
  30  2:57  Drone  
  31  3:02  Overlord  
  31  3:10  Queen  
  33  3:17  Drone  
  33  3:18  Drone  
  35  3:25  Overlord  
  35  3:26  Drone x2  
  37  3:34  Overlord  
  37  3:49  Hatchery  
  37  3:51  Drone x2  
  37  3:52  Drone  
  40  3:55  Drone  
  40  3:58  Metabolic Boost  
  40  4:04  Drone x2  
  40  4:08  Overlord  
  40  4:09  Drone  
  43  4:14  Zergling x2  
  43  4:20  Drone  
  44  4:24  Zergling x4  
  44  4:27  Zergling x4  
  44  4:29  Drone x3  
  51  4:36  Drone, Baneling Nest  
  51  4:39  Overlord  
  51  4:42  Queen  
  53  4:46  Drone  
  53  4:50  Queen  
  53  4:51  Zergling x2  
  57  4:53  Drone  
  57  4:58  Drone x2  
  57  4:59  Drone  
  61  5:01  Drone, Extractor  
  61  5:04  Drone x2  
  63  5:07  Queen  
  63  5:10  Zergling x2  
  63  5:12  Zergling x2  
  67  5:15  Overlord  
  67  5:19  Baneling x3  
  66  5:22  Baneling  
  66  5:26  Overlord  
  65  5:28  Overlord  
  65  5:30  Baneling x2  
  65  5:32  Drone  
  66  5:40  Drone x3  
  66  5:41  Spore Crawler  
  66  5:42  Spore Crawler  
  66  5:43  Drone x4  
  66  5:48  Drone x2  
  72  5:52  Spore Crawler  
  72  5:53  Drone  
  72  5:55  Drone  
  72  5:56  Drone  
  74  5:58  Drone x2  
  74  6:01  Lair, Drone  
  77  6:04  Drone  
  77  6:07  Drone  
  77  6:08  Drone  
  79  6:16  Evolution Chamber, Extractor  
  79  6:17  Drone  
  79  6:18  Drone x2  
  77  6:19  Zergling x2  
  77  6:21  Zergling x4  
  77  6:25  Drone x4  
  83  6:26  Evolution Chamber  
  83  6:29  Drone  
  83  6:30  Drone  
  85  6:35  Extractor x2  
  85  6:36  Hatchery  
  82  6:40  Drone x2, Extractor  
  82  6:43  Drone x3  
  82  6:44  Drone  
  87  6:47  Zerg Ground Armor Level 1  
  87  6:50  Zergling x4  
  87  6:53  Zerg Melee Weapons Level 1  
  89  6:55  Zergling x2  
  89  6:59  Baneling  
  89  7:00  Baneling  
  90  7:01  Overlord x3  
  90  7:07  Overseer  
  84  7:08  Drone x2  
  84  7:12  Drone x3  
  84  7:14  Drone  
  84  7:15  Overlord  
  87  7:17  Drone x2  
  87  7:22  Drone, Centrifical Hooks  
  90  7:25  Drone x3  
  90  7:28  Drone  
  94  7:35  Drone  
  94  7:36  Drone x2  
  96  7:39  Drone  
  96  7:40  Drone  
  96  7:41  Drone  
  96  7:42  Overlord  
  99  7:45  Drone x2  
  99  7:47  Zergling x4  
  99  7:50  Spire  
  99  7:51  Drone x2  
  104  7:54  Drone x2  
  104  7:56  Zergling x2  
  107  7:59  Zergling x4  
  107  8:00  Baneling x8  
  107  8:01  Zergling x4  
  110  8:06  Hatchery  
  110  8:07  Zergling x2  
  110  8:12  Zergling x10  
  115  8:15  Queen  
  116  8:23  Zergling x18  
  124  8:34  Zergling x8  
  124  8:36  Baneling x2  
  124  8:38  Zergling x2  
  124  8:39  Zergling x2  
  125  8:47  Zergling x10  
  109  8:57  Zergling x18  
  109  9:00  Baneling x10  
  118  9:03  Zerg Flyer Weapons Level 1, Zerg Ground Armor Level 2  
  118  9:04  Zerg Melee Weapons Level 2  
  118  9:05  Zergling x6  
  118  9:09  Zergling x2  
  122  9:13  Zergling x4  
  122  9:14  Baneling x8  
  122  9:19  Zergling x12  
  122  9:23  Overlord  
  126  9:28  Zergling x6  
  126  9:31  Zergling x2  
  115  9:33  Baneling x8  
  115  9:35  Zergling x2  
  115  9:37  Queen x3  
  120  9:40  Zergling x12  
  124  9:47  Zergling x8, Baneling x14  
  124  9:49  Zergling x6  
  124  9:52  Hatchery  
  129  9:56  Zergling x4  
  129  10:03  Mutalisk x4  
  129  10:06  Mutalisk  
  129  10:13  Mutalisk x3  
  123  10:15  Zergling x14  
  123  10:17  Baneling x3  
  129  10:23  Baneling x4  
  129  10:26  Zergling x10  
  134  10:28  Baneling  
  134  10:29  Overlord x2, Baneling x3  
  134  10:33  Overlord  
  134  10:38  Overlord  
  131  10:44  Zergling x8  
  131  10:47  Baneling x10  
  131  10:48  Baneling  
  131  10:49  Zergling x2  
  137  10:50  Zergling x6  
  137  10:56  Mutalisk  
  138  10:58  Zergling x18  
  138  11:03  Overlord  
  146  11:06  Overlord  
  146  11:09  Mutalisk x3  
  147  11:15  Zergling x6  
  148  11:18  Zergling x4  
  148  11:24  Infestation Pit  
  148  11:25  Zergling x10  
  153  11:31  Zergling x10, Hatchery  
  150  11:36  Mutalisk x2  
  150  11:37  Mutalisk  
  138  11:40  Zergling x4  
  138  11:42  Zergling x2  
  122  11:47  Mutalisk x2  
  122  11:50  Unknown  
  122  11:51  Zergling x4  
  122  11:52  Zergling x14  
  134  11:56  Baneling x6  
  134  11:59  Overseer  
  134  12:01  Zergling x12  
  140  12:08  Zergling x2  
  141  12:10  Baneling x2  
  141  12:13  Zergling x10  
  141  12:15  Baneling x8  
  145  12:16  Zergling x2  
  145  12:21  Zergling x8  
  148  12:24  Zergling x2  
  148  12:25  Zergling x6  
  148  12:27  Mutalisk  
  147  12:32  Mutalisk  
  147  12:36  Mutalisk  
  149  12:42  Zergling x14  
  152  12:46  Zergling x2  
  152  12:47  Zergling x2  
  152  12:50  Zergling x4  
  131  12:54  Mutalisk x3  
  131  12:57  Zergling x6  
  132  13:01  Mutalisk x3  
  132  13:05  Zergling x18  
  147  13:10  Zergling x2  
  148  13:13  Baneling x10  
  148  13:17  Zergling x10  
  148  13:18  Zergling x2  
  148  13:26  Zergling x12  
  148  13:27  Zergling x2  
  145  13:30  Zergling x2  
  121  13:37  Zergling x8  
Show
View Real Time Build Order
Export as new Build Order

Seither Terran - Winner!

Build Orders: Hellion Banshee 

Get SALT Encoding   

  12  0:00  SCV  
  13  0:12  SCV  
  14  0:18  Supply Depot  
  14  0:25  SCV  
  15  0:40  Barracks  
  15  0:50  Barracks  
  15  0:54  SCV  
  16  1:06  SCV  
  16  1:08  Refinery  
  17  1:18  SCV  
  18  1:27  Marine  
  18  1:31  Orbital Command  
  19  1:37  Supply Depot, Marine  
  20  1:45  Marine  
  21  1:55  Marine  
  21  1:59  Bunker  
  22  2:03  Marine  
  23  2:09  SCV  
  23  2:14  Factory  
  23  2:21  SCV  
  23  2:23  Marine x2  
  23  2:29  Bunker  
  25  2:33  SCV  
  26  2:40  Marine  
  26  2:41  Marine  
  27  2:45  SCV  
  28  2:53  Supply Depot  
  28  2:57  SCV  
  28  2:59  Factory Reactor  
  28  3:10  SCV  
  29  3:16  Command Center  
  29  3:22  SCV  
  29  3:24  Starport  
  30  3:27  Refinery  
  30  3:34  SCV  
  31  3:39  Hellion x2  
  35  3:42  Supply Depot  
  35  3:46  SCV  
  36  4:01  SCV, Hellion  
  39  4:03  Hellion  
  41  4:10  Medivac  
  41  4:11  Barracks Tech Lab  
  43  4:21  SCV  
  43  4:22  Hellion  
  46  4:28  Hellion, Orbital Command  
  48  4:37  Supply Depot  
  48  4:39  SCV  
  49  4:47  Cloaking Field  
  49  4:48  Banshee  
  49  4:51  SCV  
  57  4:52  Hellion  
  57  4:53  Hellion  
  57  4:57  SCV  
  58  5:00  Supply Depot, Barracks Tech Lab  
  58  5:05  SCV  
  59  5:09  SCV  
  60  5:17  SCV  
  62  5:21  SCV  
  62  5:25  Command Center  
  62  5:32  SCV, Banshee  
  62  5:33  SCV  
  65  5:46  Stimpack, Marine  
  65  5:48  SCV x2  
  68  5:54  Factory Reactor  
  68  5:55  Barracks  
  68  5:57  Barracks  
  68  6:00  SCV x2  
  68  6:02  Engineering Bay  
  68  6:03  Engineering Bay  
  70  6:11  Refinery  
  70  6:12  SCV x2, Supply Depot  
  72  6:20  Marine  
  72  6:24  SCV x2  
  75  6:26  Starport Reactor  
  75  6:30  Terran Infantry Weapons Level 1  
  75  6:31  Terran Infantry Armor Level 1  
  75  6:36  SCV x2  
  75  6:37  Supply Depot, Refinery  
  75  6:38  Marine  
  78  6:40  Orbital Command  
  78  6:42  Supply Depot  
  78  6:45  Marine x2  
  80  6:48  SCV x2  
  82  6:56  Marine  
  82  6:58  Marine x2  
  82  7:00  SCV  
  86  7:02  Barracks  
  86  7:03  Marine, Barracks  
  87  7:11  Marine  
  87  7:12  Medivac  
  87  7:13  Medivac, Marine  
  87  7:14  SCV x2  
  95  7:20  Marine x2  
  95  7:21  Marine  
  95  7:22  Siege Tank  
  101  7:29  Marine  
  103  7:30  SCV x2  
  103  7:31  Marine  
  102  7:39  Marine x2  
  102  7:40  Orbital Command  
  102  7:43  Marine  
  105  7:47  Marine  
  105  7:48  SCV x2  
  105  7:50  Barracks Reactor  
  105  7:51  Barracks Reactor, Combat Shield  
  108  7:54  Siege Tank  
  111  7:59  Medivac x2  
  111  8:00  SCV x2  
  111  8:03  Supply Depot  
  117  8:07  Supply Depot  
  117  8:10  SCV, Marine x2  
  117  8:12  SCV  
  121  8:16  Marine x2  
  120  8:22  Marine  
  120  8:26  SCV x2  
  121  8:27  Armory  
  121  8:28  Supply Depot, Marine x2  
  121  8:30  Supply Depot  
  123  8:36  Marine x2  
  123  8:38  Siege Tank  
  126  8:41  Marine  
  126  8:42  Marine  
  123  8:53  Marine  
  123  8:54  Marine x2  
  110  8:55  SCV x2  
  110  8:57  Marine x2  
  110  8:58  Supply Depot  
  113  9:03  Medivac x2, Command Center  
  113  9:06  SCV  
  113  9:07  SCV  
  113  9:09  Marine x3  
  121  9:10  Siege Tank  
  121  9:14  Supply Depot  
  121  9:16  Marine  
  126  9:17  Marine x2  
  126  9:21  Marine x2  
  130  9:29  Marine x3  
  130  9:31  Terran Infantry Armor Level 2, Terran Infantry Weapons Level 2  
  126  9:32  SCV  
  126  9:34  Refinery  
  127  9:41  Marine x3  
  127  9:42  Siege Tank  
  127  9:43  SCV x2  
  127  9:44  Supply Depot  
  134  9:48  Factory, Marine x2  
  134  9:50  SCV  
  137  9:55  SCV  
  137  9:57  Marine x2  
  140  10:02  Marine  
  136  10:11  Marine  
  136  10:12  Marine  
  122  10:14  Liberator x2  
  122  10:16  Widow Mine  
  122  10:20  Marine x4  
  134  10:26  Barracks  
  134  10:27  Barracks x2  
  134  10:35  Factory Reactor, Marine x2  
  134  10:36  Marine x2  
  134  10:40  Marine x2  
  136  10:45  Marine x2  
  137  10:52  Widow Mine  
  137  10:54  Marauder, Marine x3  
  140  11:01  Medivac x2  
  140  11:03  Marine x3  
  140  11:04  Planetary Fortress, Marine x2  
  147  11:05  Missile Turret  
  147  11:09  SCV x2  
  145  11:12  Marine x3  
  145  11:16  Marauder, Barracks Tech Lab x2  
  145  11:17  Marine  
  151  11:21  Marine, Thor  
  151  11:22  Widow Mine x2  
  151  11:24  Marine x3  
  159  11:36  Marauder, Marine x3  
  159  11:37  Marauder  
  146  11:41  Marine x2  
  146  11:42  Marauder, Marine x3  
  146  11:46  Medivac x2  
  142  11:47  Widow Mine x2  
  142  11:53  Marine  
  142  11:54  Marine x2  
  144  11:56  Concussive Shells  
  144  11:57  Barracks Tech Lab  
  144  11:58  Marauder, Marine  
  144  11:59  Marine x3  
  150  12:07  Marine x2  
  152  12:08  Command Center  
  152  12:10  Marine  
  152  12:11  Marine x2  
  152  12:12  Marine  
  156  12:17  Marauder x2, Marine  
  156  12:20  Marine x2  
  162  12:29  Widow Mine  
  158  12:30  Widow Mine, Marine x2  
  158  12:31  Marauder, Marine  
  158  12:33  Supply Depot  
  158  12:34  Widow Mine  
  158  12:35  Medivac  
  167  12:38  Marine x2  
  167  12:39  Marine  
  167  12:42  Marine x2  
  172  12:49  Marine x4  
  172  12:50  Marauder  
  172  12:51  Widow Mine  
  164  12:52  Marauder  
  164  12:53  Marauder  
  164  12:56  Marine x3  
  164  12:57  Thor  
  161  12:58  Widow Mine  
  161  13:00  Marine  
  161  13:04  Marine  
  161  13:05  Missile Turret  
  159  13:07  Marine x2  
  159  13:08  Marauder  
  159  13:11  Marauder  
  159  13:12  Widow Mine  
  167  13:13  Marauder  
  167  13:15  Missile Turret  
  167  13:17  Marine  
  167  13:18  Marauder  
  170  13:20  Widow Mine  
  168  13:29  Marauder  
  168  13:30  Marine x3  
  168  13:33  Marauder  
  168  13:34  Widow Mine  
  162  13:35  Marauder  
Tags
 
Add a new tag
Caveats
  • Supply blocks, unpowered buildings, or Contaminate may cause inaccurate times.
  • Supply counts are checked every 10 seconds.